 Dungeon Sprint DCSS version 0.26-a0-668-gd58323b419 (webtiles) character file.

Game seed: 11197803393635718522

184 sahdkjhfkaj the Ducker (level 5, -3/72 HPs)
             Began as a Gnoll Monk on Oct 18, 2020.
             Was an Elder of Sif Muna.
             Shot with an arrow by a centaur (6 damage)
             ... in the Dungeon (Sprint VII: "The Pits").
             The game lasted 00:01:00 (207 turns).

sahdkjhfkaj the Ducker (Gnoll Monk)                  Turns: 207, Time: 00:01:01

Health: -3/72      AC: 12    Str: 15    XL:     5   Next: 63%
Magic:  3/10       EV: 10    Int: 12    God:    Sif Muna [****..]
Gold:   0          SH:  0    Dex: 17    Spells: 11/11 levels left

rFire    . . .     SeeInvis .   b - +2 hand axe (vorpal)
rCold    . . .     Faith    .   (no shield)
rNeg     . . .     Spirit   .   m - +3 chain mail
rPois    .         Reflect  .   (no helmet)
rElec    .         Harm     .   (no cloak)
rCorr    .         Rampage  .   (no gloves)
MR       .....     NoTele   +   (no boots)
Stlth    ..........             (no amulet)
HPRegen  0.22/turn              (no ring)
MPRegen  0.12/turn              (no ring)

@: berserking (expiring), very quick
A: distributed training, fangs 1, strong nose
a: Channel Magic, Forget Spell, Divine Exegesis, Renounce Religion


You were in the Dungeon.
You worshipped Sif Muna.
Sif Muna was greatly pleased with you.
You visited 1 branch

Inventory:

Hand Weapons
 b - a +2 vorpal hand axe (weapon)
Armour
 m - a +3 chain mail (worn)
Scrolls
 h - a scroll of blinking
 j - 3 scrolls of remove curse
 k - 5 scrolls of amnesia
 l - a scroll of summoning
 n - 2 scrolls of vulnerability
Potions
 a - 2 potions of invisibility {!q}
 c - 5 potions of curing {!q}
 d - 5 potions of heal wounds {!q}
 e - a potion of haste {!q}
 f - 4 potions of magic {!q}
 g - 2 potions of berserk rage {!q}


   Skills:
 + Level 7.6 Fighting
 + Level 3.7 Short Blades
 + Level 3.7 Long Blades
 + Level 7.6 Axes
 + Level 3.7 Maces & Flails
 + Level 3.7 Polearms
 + Level 3.7 Staves
 + Level 3.7 Slings
 + Level 3.7 Bows
 + Level 3.7 Crossbows
 + Level 3.7 Throwing
 + Level 3.7 Armour
 + Level 7.6 Dodging
 + Level 5.7 Stealth
 + Level 3.7 Shields
 + Level 3.7 Unarmed Combat
 + Level 3.7 Spellcasting
 + Level 3.1 Conjurations
 + Level 3.1 Hexes
 + Level 3.1 Summonings
 + Level 3.1 Necromancy
 + Level 3.1 Translocations
 + Level 3.1 Transmutations
 + Level 3.1 Fire Magic
 + Level 3.1 Ice Magic
 + Level 3.1 Air Magic
 + Level 3.1 Earth Magic
 + Level 3.1 Poison Magic
 + Level 4.1 Invocations
 + Level 3.7 Evocations


You had 11 spell levels left.
You didn't know any spells.
Your spell library was empty.

Dungeon Overview and Level Annotations

Branches:
Dungeon (1/1)

Altars:
Ashenzari
Cheibriados
Dithmenos
Elyvilon
Fedhas
Gozag
Hepliaklqana
Kikubaaqudgha
Makhleb
Nemelex Xobeh
Okawaru
Qazlal
Ru
Sif Muna
Trog
Uskayaw
Vehumet
Wu Jian
Xom
Yredelemnul
Zin
The Shining One
Beogh
Jiyva
Lugonu


Innate Abilities, Weirdness & Mutations

Your experience applies equally to all skills.
You have very sharp teeth.
Your uncanny sense of smell can sniff out nearby items.


Message History

Your Unarmed Combat skill increases to level 3!
Your Spellcasting skill increases to level 3!
Your Conjurations skill increases to level 3!
Your Hexes skill increases to level 3!
Your Summonings skill increases to level 3!
Your Necromancy skill increases to level 3!
Your Translocations skill increases to level 3!
Your Transmutations skill increases to level 3!
Your Fire Magic skill increases to level 3!
Your Ice Magic skill increases to level 3!
Your Air Magic skill increases to level 3!
Your Earth Magic skill increases to level 3!
Your Poison Magic skill increases to level 3!
Your Invocations skill gained 2 levels and is now at level 4!
Your Evocations skill increases to level 3!
You have reached level 5!
You closely miss the frilled lizard.
The frilled lizard bites you but does no damage.
The centaur shoots an arrow.
The arrow hits you.
You die...

#.#))#.....##.....
#.#[[###'####.....
#.##'#.....##...<.
#(#....†...##.....
#.#...†.†..##.....
#'###########.....
#(......# ######
#.l.#...# #@†.# .#
∆∆ #†##.# #c. #..
#... ...# #....
..+ ###### ##


You could see a centaur and a frilled lizard.

Vanquished Creatures
  A warg (D)
  A scorpion (D)
  A worm (D)
  2 bats (D)
  A bat zombie (D)
  A giant cockroach (D)
  2 kobolds (D)
  A quokka (D)
  A ball python (D)
  A ball python zombie (D)
  A rat (D)
13 creatures vanquished.

Notes
Turn   | Place    | Note
-------+----------+-------------------------------------------
     0 | D        | sahdkjhfkaj the Gnoll Monk began the quest for the Orb.
     0 | D        | Reached XP level 1. HP: 23/23 MP: 1/1
    47 | D        | Found a bloodstained altar of Trog.
    47 | D        | Found a shimmering blue altar of Sif Muna.
    47 | D        | Found a viscous altar of Jiyva.
    47 | D        | Found a hazy altar of Hepliaklqana.
    47 | D        | Found an opulent altar of Gozag.
    48 | D        | Found a glowing golden altar of the Shining One.
    48 | D        | Found a glowing silver altar of Zin.
    48 | D        | Found a basalt altar of Yredelemnul.
    48 | D        | Found a shimmering altar of Xom.
    48 | D        | Found an ornate altar of the Wu Jian Council.
    48 | D        | Found a sacrificial altar of Ru.
    48 | D        | Found a stormy altar of Qazlal.
    48 | D        | Found an iron altar of Okawaru.
    48 | D        | Found a sparkling altar of Nemelex Xobeh.
    48 | D        | Found a burning altar of Makhleb.
    48 | D        | Found a blossoming altar of Fedhas.
    48 | D        | Found a white marble altar of Elyvilon.
    48 | D        | Found a shadowy altar of Dithmenos.
    48 | D        | Found a snail-covered altar of Cheibriados.
    49 | D        | Found a radiant altar of Vehumet.
    49 | D        | Found a corrupted altar of Lugonu.
    49 | D        | Found a roughly hewn altar of Beogh.
    50 | D        | Found an ancient bone altar of Kikubaaqudgha.
    50 | D        | Found a hide-covered altar of Uskayaw.
    50 | D        | Found a broken altar of Ashenzari.
    53 | D        | Became a worshipper of Sif Muna the Loreminder
    53 | D        | Reached * piety under Sif Muna
    53 | D        | Reached ** piety under Sif Muna
   109 | D        | Reached skill level 1 in Invocations
   116 | D        | Reached skill level 1 in Short Blades
   116 | D        | Reached skill level 1 in Long Blades
   116 | D        | Reached skill level 1 in Maces & Flails
   116 | D        | Reached skill level 1 in Polearms
   116 | D        | Reached skill level 1 in Staves
   116 | D        | Reached skill level 1 in Slings
   116 | D        | Reached skill level 1 in Bows
   116 | D        | Reached skill level 1 in Crossbows
   116 | D        | Reached skill level 1 in Throwing
   116 | D        | Reached skill level 1 in Armour
   116 | D        | Reached skill level 1 in Shields
   116 | D        | Reached skill level 1 in Unarmed Combat
   116 | D        | Reached skill level 1 in Spellcasting
   116 | D        | Reached skill level 1 in Evocations
   125 | D        | Reached *** piety under Sif Muna
   125 | D        | Reached XP level 2. HP: 29/29 MP: 3/3
   132 | D        | Reached skill level 1 in Conjurations
   132 | D        | Reached skill level 1 in Hexes
   132 | D        | Reached skill level 1 in Summonings
   132 | D        | Reached skill level 1 in Necromancy
   132 | D        | Reached skill level 1 in Translocations
   132 | D        | Reached skill level 1 in Transmutations
   132 | D        | Reached skill level 1 in Fire Magic
   132 | D        | Reached skill level 1 in Ice Magic
   132 | D        | Reached skill level 1 in Air Magic
   132 | D        | Reached skill level 1 in Earth Magic
   132 | D        | Reached skill level 1 in Poison Magic
   192 | D        | Noticed a warg
   193 | D        | Noticed a centaur
   193 | D        | Noticed a scorpion
   204 | D        | Reached **** piety under Sif Muna
   205 | D        | Killed a scorpion
   205 | D        | Reached XP level 3. HP: 13/36 MP: 3/6
   205 | D        | Reached XP level 4. HP: 15/43 MP: 3/7
   206 | D        | HP: 3/64 [centaur/arrow (4)]
   207 | D        | Killed a warg
   207 | D        | Reached skill level 5 in Stealth
   207 | D        | Reached XP level 5. HP: 3/48 MP: 3/10
   207 | D        | Shot with an arrow by a centaur

Illustrated notes

Levels and vault maps discovered:
D:        pitsprint [storerooms_1, entrance_room_1, metal_vault_1, armoury_1,
          mini_pit_1, grid_room_1, main_hall_1, silver_pit, the_coven_1,
          the_vestibule_1, steel_vault_2, golden_pit, hallway_of_sentries,
          crystal_vault_6, iron_vault_1, final_vault]

Skill      XL: |  1  2  3  4 |
---------------+-------------+-----
Invocations    | 1 2 4 |  4.1
Short Blades   | 1 2 3 |  3.7
Long Blades    | 1 2 3 |  3.7
Maces & Flails | 1 2 3 |  3.7
Polearms       | 1 2 3 |  3.7
Staves         | 1 2 3 |  3.7
Slings         | 1 2 3 |  3.7
Bows           | 1 2 3 |  3.7
Crossbows      | 1 2 3 |  3.7
Throwing       | 1 2 3 |  3.7
Armour         | 1 2 3 |  3.7
Shields        | 1 2 3 |  3.7
Unarmed Combat | 1 2 3 |  3.7
Spellcasting   | 1 2 3 |  3.7
Evocations     | 1 2 3 |  3.7
Conjurations   | 2 3 |  3.1
Hexes          | 2 3 |  3.1
Summonings     | 2 3 |  3.1
Necromancy     | 2 3 |  3.1
Translocations | 2 3 |  3.1
Transmutations | 2 3 |  3.1
Fire Magic     | 2 3 |  3.1
Ice Magic      | 2 3 |  3.1
Air Magic      | 2 3 |  3.1
Earth Magic    | 2 3 |  3.1
Poison Magic   | 2 3 |  3.1
Fighting       | 7 |  7.6
Axes           | 7 |  7.6
Dodging        | 7 |  7.6
Stealth        | 5 |  5.7

Action                   |  1- 3 |  4- 6 || total
-------------------------+-------+-------++-------
Melee: Hand axe          |    28 |     2 ||    30
       Bite              |     4 |       ||     4
  Use: Potion            |     3 |       ||     3
 Stab: Sleeping          |     1 |       ||     1
Armor: Robe              |    12 |       ||    12
       Chain mail        |    11 |     3 ||    14
Dodge: Dodged            |    36 |       ||    36

Table legend: (Time is in decaauts)
 A = Elapsed time spent in this place.
 B = Non-inter-level travel time spent in this place.
 C = Inter-level travel time spent in this place.
 D = Time resting spent in this place.
 E = Time spent auto-exploring this place.
 F = Levels seen in this place.
 G = Mean time per level.
                   A        B        C        D        E       F      G
               +--------+--------+--------+--------+--------+-----+--------+
         Total |    203 |    184 |     19 |      0 |      0 |   1 |  203.0 |
       Dungeon |    203 |    184 |     19 |      0 |      0 |   1 |  203.0 |
               +--------+--------+--------+--------+--------+-----+--------+

Top non-repeatable levels by time:
       D: 203 daAuts
